[Event "Titled Tuesday Blitz February 07 Late 2023"]
[White "Petrovic, Aleksa"]
[Black "Makarian, Rudik"]
[WhiteFideId "967629"]
[BlackFideId "44105681"]
[WhiteElo "2332"]
[BlackElo "2545"]
[Result "0-1"]
[Round "02"]
[TimeControl "180+2"]
[Date "2023.02.07"]
[WhiteClock "0:00:03"]
[BlackClock "0:01:14"]

1. d4 Nf6 2. c4 e6 3. Nf3 d5 4. Nc3 dxc4 5. e3 a6 6. a4 c5 7. Bxc4 Nc6 8. O-O Be7 9. Qe2 cxd4 10. Rd1 e5 11. exd4 exd4 12. Nxd4 Nxd4 13. Qe5 Qd6 14. Qxd4 Qxd4 15. Rxd4 Be6 16. Bxe6 fxe6 17. Bg5 Kf7 18. Rad1 Rhd8 19. Rxd8 Rxd8 20. Rxd8 Bxd8 21. Kf1 Ba5 22. Bxf6 gxf6 23. Ne4 Bb4 24. Ke2 f5 25. Ng5+ Kf6 26. f4 e5 27. Nxh7+ Kg6 28. Ng5 exf4 29. Ne6 Bd6 30. Kf3 Kf6 31. Nxf4 Ke5 32. h4 Kd4 33. h5 Be5 34. h6 Kc4 35. h7 Bxb2 36. Ne6 b5 37. a5 b4 38. Ke2 b3 39. Kd2 Kb4 40. Nf4 Ka3 41. Nd3 Bg7 42. Kc1 Ka2 43. Nb4+ Ka1 44. Nc2+ bxc2 45. Kxc2 Ka2 46. Kd3 Kb3 47. Ke3 Be5 48. Kd3 Kb4 49. Ke3 Kxa5 50. Kd3 Kb4 0-1


[Site "https://www.chess.com"]

[Event "Titled Tuesday Blitz February 07 Late 2023"]
[White "Tari, Aryan"]
[Black "Zochowski, Kacper"]
[WhiteFideId "1510045"]
[BlackFideId "1125494"]
[WhiteElo "2642"]
[BlackElo "2262"]
[Result "1-0"]
[Round "02"]
[TimeControl "180+2"]
[Date "2023.02.07"]
[WhiteClock "0:00:49"]
[BlackClock "0:00:03"]

1. e4 d6 2. d4 Nf6 3. Bd3 e5 4. c3 d5 5. exd5 exd4 6. Nf3 Qxd5 7. O-O Be6 8. Nxd4 Bd6 9. Nxe6 fxe6 10. c4 Qe5 11. g3 O-O 12. Nc3 Nc6 13. Nb5 a6 14. Bf4 Qxb2 15. Rb1 Qxa2 16. Nxd6 cxd6 17. Bxd6 Rf7 18. Qe1 Nd4 19. Qe3 Nf5 20. Qxe6 Nxd6 21. Qxd6 Qa5 22. c5 Rd8 23. Qe6 Qc7 24. Bc4 Rd7 25. Rxb7 Qxb7 26. c6 Qb6 27. cxd7 Qxe6 28. Bxe6 Nxd7 29. Rd1 Kf8 30. Bxf7 Nc5 31. Bc4 1-0


[Site "https://www.chess.com"]

[Event "Titled Tuesday Blitz February 07 Late 2023"]
[White "Ramirez Allo, Eduardo"]
[Black "Yuan, Qingyu"]
[WhiteFideId "2224178"]
[BlackFideId "8609772"]
[WhiteElo "2274"]
[BlackElo "2373"]
[Result "0-1"]
[Round "02"]
[TimeControl "180+2"]
[Date "2023.02.07"]
[WhiteClock "0:00:01"]
[BlackClock "0:00:06"]

1. Nf3 d5 2. c4 e6 3. g3 Nf6 4. Bg2 d4 5. d3 Nc6 6. O-O Be7 7. Na3 O-O 8. Nc2 a5 9. b3 e5 10. a3 h6 11. Rb1 Bf5 12. Nd2 Qd7 13. b4 axb4 14. Nxb4 Nxb4 15. axb4 Bh3 16. Bxb7 Rab8 17. Bg2 Bxb4 18. Rxb4 Rxb4 19. Ba3 Rfb8 20. Bxb4 Rxb4 21. Qc2 Bxg2 22. Kxg2 Qc6+ 23. Kg1 Qb7 24. Rb1 Nd7 25. Rxb4 Qxb4 26. Qa2 Nc5 27. Ne4 Ne6 28. Kg2 Qe1 29. Qd2 Qa1 30. Qc2 Kh7 31. Nd2 Qc3 32. Qa2 Nc5 33. f3 Qc1 34. Ne4 Ne6 35. Qd2 Qb1 36. Qa5 Qd1 37. Qd2 Qa1 38. Qb4 Qd1 39. Qd2 Qa4 40. Qb2 f5 41. Nd2 Nc5 42. Nf1 Qd1 43. Qd2 Qa1 44. Qc2 Na4 45. Qb3 Nc3 46. Qb8 Qa2 47. Qxc7 Qxe2+ 48. Kg1 Qxf3 49. Qxe5 Ne2+ 50. Qxe2 Qxe2 0-1


[Site "https://www.chess.com"]

[Event "Titled Tuesday Blitz February 07 Late 2023"]
[White "Vasquez Schroeder, Rodrigo"]
[Black "reevecanada"]
[WhiteFideId "3400042"]
[WhiteElo "2524"]
[BlackElo "2474"]
[Result "1-0"]
[Round "02"]
[TimeControl "180+2"]
[Date "2023.02.07"]
[WhiteClock "0:01:17"]
[BlackClock "0:01:53"]

1. d4 Nf6 2. Nf3 g6 3. c4 Bg7 4. Nc3 d5 5. cxd5 Nxd5 6. e4 Nxc3 7. bxc3 c5 8. h3 O-O 9. Be2 Nc6 10. Be3 Qa5 11. Bd2 Qd8 12. d5 Ne5 13. Nxe5 Bxe5 14. Rc1 e6 15. c4 exd5 16. cxd5 b6 17. O-O Bb7 18. Be3 Re8 19. Qd3 f5 20. Qb3 fxe4 21. Bxc5 Bxd5 22. Bc4 Bxc4 23. Qxc4+ Kh8 24. Be3 Bg7 25. Rfd1 Qe7 26. a4 Rad8 27. Qb5 Qe6 28. a5 bxa5 29. Bxa7 Qa2 30. Bb6 Rxd1+ 31. Rxd1 a4 32. Qxe8+ Qg8 33. Rd8 Bf8 34. Bd4+ Qg7 35. Qxf8# 1-0


[Site "https://www.chess.com"]

[Event "Titled Tuesday Blitz February 07 Late 2023"]
[White "Suarez Uriel, Adrian"]
[Black "Bikuzhin, Maksim"]
[WhiteFideId "22230874"]
[BlackFideId "24128015"]
[WhiteElo "2356"]
[BlackElo "2279"]
[Result "0-1"]
[Round "02"]
[TimeControl "180+2"]
[Date "2023.02.07"]
[WhiteClock "0:00:08"]
[BlackClock "0:01:01"]

1. e4 c5 2. Nf3 e6 3. b3 a6 4. Bb2 b5 5. a4 b4 6. d4 cxd4 7. Nxd4 Bb7 8. Bd3 d6 9. O-O Nf6 10. Re1 Be7 11. a5 Qc7 12. Nd2 Nbd7 13. Nc4 O-O 14. Qf3 Nc5 15. Qh3 g6 16. e5 dxe5 17. Nxe5 Nxd3 18. Nxd3 Rad8 19. Rad1 Rfe8 20. Nxe6 fxe6 21. Qxe6+ Kg7 22. Ne5 Bd6 23. Rxd6 Rxe6 24. Rxe6 Bd5 25. Rxa6 Qxc2 26. Ra7+ Kh6 27. Bc1+ Kh5 28. g4+ Kh4 29. Bf4 Qc3 30. Rc1 Qd4 31. Bg3+ Kh3 32. Rg7 Qe4 33. Kf1 Bb7 34. g5 Ba6+ 35. Kg1 Qg2# 0-1


[Site "https://www.chess.com"]

[Event "Titled Tuesday Blitz February 07 Late 2023"]
[White "Bozorov, Makhsum"]
[Black "Nasuta, Grzegorz"]
[WhiteFideId "14201330"]
[BlackFideId "1141686"]
[WhiteElo "2145"]
[BlackElo "2552"]
[Result "0-1"]
[Round "02"]
[TimeControl "180+2"]
[Date "2023.02.07"]
[WhiteClock "0:00:04"]
[BlackClock "0:00:09"]

1. e4 c5 2. Nf3 e6 3. c3 Nf6 4. e5 Nd5 5. g3 d6 6. exd6 Bxd6 7. Bg2 O-O 8. O-O Nc6 9. d4 cxd4 10. Nxd4 Nxd4 11. Qxd4 Qc7 12. Nd2 Bc5 13. Qd3 Rd8 14. Qe2 Bd7 15. Ne4 Be7 16. c4 Nb4 17. Rd1 Be8 18. Be3 Rxd1+ 19. Qxd1 Qxc4 20. Nd6 Bxd6 21. Qxd6 Bc6 22. Rc1 Qb5 23. a3 Bxg2 24. Qxb4 Qxb4 25. axb4 Bc6 26. Ra1 a6 27. Rd1 f6 28. f4 Kf7 29. Kf2 Rc8 30. h3 Be4 31. Rc1 Bc6 32. Rd1 h6 33. h4 Kg6 34. Ke1 Kf5 35. Kf2 Ke4 36. Rd4+ Kf5 37. Rd1 Re8 38. Bc5 e5 39. fxe5 fxe5 40. Rd6 Ke4 41. Rg6 Rg8 42. Bd6 Kf5 43. h5 Be8 44. g4+ Kf4 45. Re6 Kxg4 46. Rxe5 Bxh5 47. Re7 b5 48. Be5 g5 49. Bd4 Bg6 50. Rc7 h5 51. Be5 h4 52. Rc3 Be4 53. Re3 Kf5 54. Bd6 g4 55. Be7 g3+ 56. Kg1 h3 57. Bd6 h2+ 0-1


[Site "https://www.chess.com"]

[Event "Titled Tuesday Blitz February 07 Late 2023"]
[White "Bouget, Alexandre"]
[Black "EREBUNI91"]
[WhiteFideId "681318"]
[WhiteElo "2267"]
[BlackElo "2759"]
[Result "0-1"]
[Round "02"]
[TimeControl "180+2"]
[Date "2023.02.07"]
[WhiteClock "0:00:09"]
[BlackClock "0:00:13"]

1. d4 Nf6 2. c4 e6 3. Nc3 Bb4 4. a3 Bxc3+ 5. bxc3 b6 6. f3 d6 7. e4 Bb7 8. Bd3 c5 9. Ne2 Nbd7 10. Bg5 O-O 11. O-O h6 12. Bh4 Qc7 13. d5 e5 14. f4 exf4 15. Nxf4 Rae8 16. Nh5 Nxh5 17. Qxh5 Ne5 18. Bf6 Bc8 19. Bxe5 Rxe5 20. Qh4 f6 21. a4 Rfe8 22. a5 bxa5 23. Qf2 Bd7 24. Rfb1 R8e7 25. Qb2 Be8 26. h3 Bg6 27. Qb5 Bxe4 28. Bxe4 Rxe4 29. Rxa5 Re1+ 30. Rxe1 Rxe1+ 31. Kh2 Qe7 32. Qb8+ Kh7 33. Qc8 Qe5+ 34. g3 Qe2# 0-1


[Site "https://www.chess.com"]

[Event "Titled Tuesday Blitz February 07 Late 2023"]
[White "Darini, Pouria"]
[Black "Slavin, Alexey"]
[WhiteFideId "12502200"]
[BlackFideId "24104388"]
[WhiteElo "2401"]
[BlackElo "2364"]
[Result "1-0"]
[Round "02"]
[TimeControl "180+2"]
[Date "2023.02.07"]
[WhiteClock "0:00:49"]
[BlackClock "0:00:01"]

1. e4 Nc6 2. Nf3 d6 3. d4 Nf6 4. Nc3 Bg4 5. Be3 a6 6. h3 Bh5 7. Bd3 e5 8. g4 Bg6 9. Qe2 Be7 10. O-O-O Qc8 11. g5 Nh5 12. Nd5 Bd8 13. dxe5 dxe5 14. Bc5 b5 15. Kb1 Qe6 16. Qe3 Rc8 17. c4 Rb8 18. cxb5 axb5 19. Rc1 h6 20. h4 Nf4 21. Nxf4 exf4 22. Qxf4 h5 23. Rhd1 Ne7 24. Nd4 Qg4 25. Qe5 O-O 26. Bxe7 Re8 27. Nc6 Bxe7 28. Nxe7+ Kf8 29. Nxg6+ fxg6 30. Qc5+ 1-0


[Site "https://www.chess.com"]

[Event "Titled Tuesday Blitz February 07 Late 2023"]
[White "Haydon, David L"]
[Black "Kostiukov, Alexandr"]
[WhiteFideId "415405"]
[BlackFideId "14108100"]
[WhiteElo "2253"]
[BlackElo "2271"]
[Result "1-0"]
[Round "02"]
[TimeControl "180+2"]
[Date "2023.02.07"]
[WhiteClock "0:00:38"]
[BlackClock "0:00:05"]

1. d4 g6 2. c4 Bg7 3. Nf3 d6 4. g3 e5 5. Nc3 exd4 6. Nxd4 Nc6 7. Nxc6 bxc6 8. Bg2 Ne7 9. O-O Rb8 10. Qc2 O-O 11. b3 Bf5 12. e4 Be6 13. Rd1 c5 14. Bb2 Nc6 15. Ne2 Bxb2 16. Qxb2 Bxc4 17. Nf4 Be6 18. h4 Nd4 19. h5 Qf6 20. Rd2 g5 21. Ne2 Nxe2+ 22. Rxe2 Qxb2 23. Rxb2 g4 24. h6 Rb4 25. Rc2 Rfb8 26. e5 Kf8 27. Rd1 Ke7 28. Bf1 a5 29. Bd3 a4 30. bxa4 Rxa4 31. Bxh7 Rh8 32. exd6+ cxd6 33. Bd3 Rxh6 34. Re1 Kf6 35. Be4 Rh5 36. Bc6 Rd4 37. a4 Bb3 38. Rb2 Bxa4 39. Bg2 c4 40. Rb4 Ra5 41. Bf1 Bb3 42. Rb1 Rad5 43. Kh2 Rh5+ 44. Kg1 Rhd5 45. Kh2 Ke5 46. Bg2 Rd1 47. Bxd5 1-0


[Site "https://www.chess.com"]

[Event "Titled Tuesday Blitz February 07 Late 2023"]
[White "Romanchuk, Viktor"]
[Black "Bernat, David"]
[WhiteFideId "14109271"]
[BlackFideId "2099225"]
[WhiteElo "2266"]
[BlackElo "1862"]
[Result "1-0"]
[Round "02"]
[TimeControl "180+2"]
[Date "2023.02.07"]
[WhiteClock "0:00:57"]
[BlackClock "0:00:04"]

1. d4 d5 2. c4 e5 3. dxe5 d4 4. Nf3 Nc6 5. Nbd2 Nge7 6. Nb3 Nf5 7. e4 dxe3 8. Qxd8+ Nxd8 9. fxe3 Nc6 10. Bd2 a5 11. Kf2 Be6 12. Bc3 a4 13. Nbd4 Bc5 14. Nxf5 Bxf5 15. Nd4 Bg6 16. Nxc6 bxc6 17. Rd1 O-O 18. Be2 Rad8 19. Rxd8 Rxd8 20. Rd1 Rxd1 21. Bxd1 Bd3 22. Bxa4 Bxc4 23. a3 Bd5 24. Bd4 Bb6 25. b4 Kf8 26. Bc2 h6 27. a4 c5 28. Bxc5+ Bxc5 29. bxc5 Ke7 30. Bf5 g6 31. Bh3 Bc6 32. a5 Bb5 33. Ke1 Kd8 34. Kd2 c6 35. g3 Kc7 36. Kc3 h5 37. Bg2 Kd7 38. Bh3+ Kc7 39. Kd4 g5 40. Bf5 Kb7 41. Kc3 Ka6 42. Kb4 Kb7 43. h4 gxh4 44. gxh4 Kc7 45. Kc3 Kb7 46. e6 fxe6 47. Bxe6 Ka6 48. Kb4 Kb7 49. Bf7 Be2 50. e4 Bg4 51. e5 Be2 52. e6 1-0


[Site "https://www.chess.com"]

[Event "Titled Tuesday Blitz February 07 Late 2023"]
[White "Al-Tarboush, Ward"]
[Black "Schuster, Karsten"]
[WhiteFideId "7601450"]
[BlackFideId "4611071"]
[WhiteElo "2256"]
[BlackElo "2309"]
[Result "1/2-1/2"]
[Round "02"]
[TimeControl "180+2"]
[Date "2023.02.07"]
[WhiteClock "0:00:23"]
[BlackClock "0:00:15"]

1. e4 c6 2. Nf3 d5 3. Nc3 Bg4 4. h3 Bxf3 5. Qxf3 Nf6 6. Be2 e6 7. O-O Bb4 8. e5 Bxc3 9. bxc3 Nfd7 10. d4 O-O 11. Qg3 f5 12. Bg5 Qe8 13. h4 Kh8 14. h5 h6 15. Bf4 Nb6 16. Rab1 Qf7 17. Qe3 N8d7 18. f3 Rab8 19. g4 Na4 20. Kg2 b5 21. g5 hxg5 22. Bxg5 f4 23. Qd3 Qf5 24. Be7 Qxd3 25. Bxd3 Nxc3 26. Rb3 b4 27. Bxf8 Nxf8 28. Rh1 Nxa2 29. h6 g6 30. Rh4 g5 31. Rh5 Nh7 32. Bxh7 Kxh7 33. Rxg5 Kxh6 34. Rg4 a5 35. Rxf4 a4 36. Rb2 Nc3 37. Rf6+ Kg7 38. Rxe6 a3 39. Rb3 Ra8 40. Rxc3 bxc3 41. Re7+ Kf8 42. Rh7 Kg8 43. Rh1 a2 44. Ra1 Kf7 45. Kf2 Ke6 46. Ke3 Kf5 47. Kd3 Ra3 48. f4 Ke6 49. Ke2 Kf5 50. Kf3 Ra4 51. Ke3 Ra3 52. Kf3 Ra4 53. Kg3 Rxd4 54. Rxa2 Rxf4 55. Ra3 Rc4 56. Kf3 Kxe5 57. Ke3 Kd6 58. Kd3 Kc5 59. Ra5+ Kb6 60. Ra8 Rc5 61. Rb8+ Kc7 62. Rh8 Rc4 63. Rh5 Kb6 64. Rg5 Kc5 65. Rg8 d4 66. Rg5+ Kb4 67. Rg1 Kb5 68. Rg8 Ra4 69. Rg5+ c5 70. Rg8 Ra1 71. Rb8+ Kc6 72. Kc4 Ra4+ 73. Kd3 Rb4 74. Rc8+ Kb6 75. Rb8+ Kc7 76. Rh8 Rb1 77. Kc4 Rc1 78. Kxc5 Rxc2 79. Kxd4 Rc1 80. Rh6 c2 81. Kc3 Rg1 82. Kxc2 Rg3 83. Rf6 Rh3 84. Kd2 Rg3 85. Ke2 Rh3 86. Rf3 Rxf3 87. Kxf3 1/2-1/2


[Site "https://www.chess.com"]

[Event "Titled Tuesday Blitz February 07 Late 2023"]
[White "Defend, Balint"]
[Black "Guzman Moneo, Alberto"]
[WhiteFideId "17004853"]
[BlackFideId "2209616"]
[WhiteElo "1673"]
[BlackElo "2170"]
[Result "1/2-1/2"]
[Round "02"]
[TimeControl "180+2"]
[Date "2023.02.07"]
[WhiteClock "0:00:16"]
[BlackClock "0:00:11"]

1. e4 c5 2. Nf3 Nc6 3. Bb5 Nf6 4. e5 Nd5 5. c4 Nc7 6. Ba4 g6 7. O-O Bg7 8. Re1 O-O 9. b3 a6 10. Bxc6 dxc6 11. Bb2 Bg4 12. h3 Bxf3 13. Qxf3 Ne6 14. Re4 Ng5 15. Qe3 Nxe4 16. Qxe4 Qd7 17. Qe3 b6 18. Nc3 Rfd8 19. Ne4 Qd3 20. Qf4 Qc2 21. Bc3 h6 22. h4 Rd3 23. h5 g5 24. Qg4 Rxc3 25. dxc3 Rd8 26. Re1 Bxe5 27. Nxg5 hxg5 28. Qxg5+ Bg7 29. h6 Qxc3 30. Rxe7 Qf6 31. Qxg7+ Qxg7 32. hxg7 Rd1+ 33. Kh2 Rd2 34. Rb7 Rxf2 35. Rxb6 Rxa2 36. Rxc6 Ra3 37. Rb6 Kxg7 38. Kg3 a5 39. Kf4 a4 40. Ra6 Rxb3 41. Rxa4 Rb4 42. Rxb4 cxb4 43. Ke4 Kf6 44. Kd4 Ke6 45. c5 b3 46. Kc3 Kd5 47. Kxb3 Kxc5 48. Kc3 Kd5 49. Kd3 Ke5 50. Ke3 Kf5 51. Kf3 Kg5 52. Kg3 Kf5 53. Kf3 Kg5 54. Kg3 Kf5 55. Kh4 f6 56. g3 Kg6 57. Kg4 f5+ 58. Kf4 Kf6 59. Ke3 Kg5 60. Kf3 Kg6 61. Kg2 Kg5 62. Kh2 f4 63. gxf4+ Kxf4 1/2-1/2


[Site "https://www.chess.com"]

[Event "Titled Tuesday Blitz February 07 Late 2023"]
[White "Sztokbant, Bernardo Vainzoff"]
[Black "Antonova, Nadezhda"]
[WhiteFideId "2115956"]
[BlackFideId "14700182"]
[WhiteElo "2213"]
[BlackElo "1945"]
[Result "1-0"]
[Round "02"]
[TimeControl "180+2"]
[Date "2023.02.07"]
[WhiteClock "0:01:22"]
[BlackClock "0:01:21"]

1. e4 c5 2. Nf3 d6 3. d4 cxd4 4. Nxd4 Nf6 5. Nc3 a6 6. Be2 e5 7. Nb3 Be7 8. O-O O-O 9. f4 Qc7 10. a4 Be6 11. f5 Bc4 12. a5 Bxe2 13. Qxe2 Nc6 14. Bg5 Nd4 15. Nxd4 exd4 16. Bxf6 Bxf6 17. Nd5 Qd8 18. Ra3 Rc8 19. Rb3 Be5 20. Rxb7 Qxa5 21. Ne7+ Kh8 22. Nxc8 Rxc8 23. Rxf7 Qb6 24. Kh1 Qxb2 25. Qxa6 Qxc2 26. f6 gxf6 27. Qb7 1-0


[Site "https://www.chess.com"]

[Event "Titled Tuesday Blitz February 07 Late 2023"]
[White "Ozates, Tuna"]
[Black "Balog, Imre"]
[WhiteFideId "6354521"]
[BlackFideId "728446"]
[WhiteElo "2251"]
[BlackElo "2615"]
[Result "1/2-1/2"]
[Round "02"]
[TimeControl "180+2"]
[Date "2023.02.07"]
[WhiteClock "0:01:24"]
[BlackClock "0:00:04"]

1. e4 c5 2. Nf3 Nc6 3. Bb5 e6 4. Bxc6 bxc6 5. b3 Be7 6. Bb2 f6 7. e5 fxe5 8. Nxe5 Nf6 9. O-O O-O 10. c4 a5 11. Nc3 Qc7 12. d4 cxd4 13. Qxd4 c5 14. Qe3 Bd6 15. Nb5 Qb8 16. Rad1 Bxe5 17. Bxe5 Ng4 18. Bxb8 Nxe3 19. fxe3 Rxf1+ 20. Kxf1 Rxb8 21. Rd6 Kf8 22. Ke2 Ke7 23. a4 Rxb5 24. Rxe6+ Kxe6 25. cxb5 Bb7 26. g3 Bd5 27. Kd3 Bxb3 28. b6 Bd5 29. e4 Bb7 30. Kc4 Kd6 31. Kb5 Bxe4 32. Kxa5 c4 33. Kb4 Bd5 34. a5 Kc6 35. g4 Bf3 36. Kxc4 Bxg4 37. Kd4 Be6 38. Ke5 Bf7 39. h4 d5 40. Kd4 h6 41. Ke5 g5 42. hxg5 hxg5 43. Kf5 d4 44. Ke4 d3 45. Kxd3 Be6 46. Ke4 g4 47. Kf4 Bc8 48. Kg3 Kd5 49. a6 Bxa6 50. Kxg4 Kc6 51. Kf5 Kxb6 1/2-1/2


[Site "https://www.chess.com"]

[Event "Titled Tuesday Blitz February 07 Late 2023"]
[White "Krzyzanowski, Marcin"]
[Black "Kovalevsky, Stanislav"]
[WhiteFideId "1132199"]
[BlackFideId "13508598"]
[WhiteElo "2512"]
[BlackElo "2237"]
[Result "1-0"]
[Round "02"]
[TimeControl "180+2"]
[Date "2023.02.07"]
[WhiteClock "0:02:22"]
[BlackClock "0:01:38"]

1. e4 e6 2. d3 d5 3. Nd2 c5 4. Ngf3 Nc6 5. g3 b6 6. Bg2 Bb7 7. O-O Nge7 8. Re1 Qc7 9. exd5 Nxd5 10. Ne4 O-O-O 11. a3 h6 12. c4 Nf6 13. Be3 Nxe4 14. Bf4 Nd6 15. b4 Nd4 16. Nxd4 Bc6 17. Nxc6 Rd7 18. bxc5 bxc5 19. Rb1 f6 20. Rb8+ Qxb8 21. Nxb8 Kxb8 22. Qb3+ Kc8 23. Rb1 Rb7 1-0


[Site "https://www.chess.com"]

[Event "Titled Tuesday Blitz February 07 Late 2023"]
[White "Holt, Conrad"]
[Black "Silva, Pedro Gil Ferreira Da"]
[WhiteFideId "2034387"]
[BlackFideId "1946102"]
[WhiteElo "2540"]
[BlackElo "2227"]
[Result "1-0"]
[Round "02"]
[TimeControl "180+2"]
[Date "2023.02.07"]
[WhiteClock "0:00:17"]
[BlackClock "0:01:14"]

1. d4 Nf6 2. c4 e6 3. Nc3 Bb4 4. Qc2 c5 5. dxc5 Na6 6. a3 Bxc3+ 7. Qxc3 Nxc5 8. b4 Na4 9. Qc2 b5 10. cxb5 Nb6 11. e4 Bb7 12. Bd3 Rc8 13. Qe2 O-O 14. Nf3 d5 15. e5 Ne4 16. O-O Na4 17. Be3 Nac3 18. Qb2 f5 19. Rfc1 Qd7 20. a4 d4 21. Bxd4 Rfd8 22. Bf1 Qd5 23. Bxc3 Nxc3 24. Rxc3 Rxc3 25. Qxc3 Qe4 26. Qc4 Qxc4 27. Bxc4 Bxf3 28. Bxe6+ Kf8 29. gxf3 1-0


[Site "https://www.chess.com"]

[Event "Titled Tuesday Blitz February 07 Late 2023"]
[White "Ansh M Shah"]
[Black "Ozen, Bahadir"]
[WhiteFideId "25033379"]
[BlackFideId "6337058"]
[WhiteElo "2171"]
[BlackElo "2369"]
[Result "1/2-1/2"]
[Round "02"]
[TimeControl "180+2"]
[Date "2023.02.07"]
[WhiteClock "0:01:57"]
[BlackClock "0:01:20"]

1. d4 g6 2. c4 Bg7 3. Nc3 Nf6 4. h4 c5 5. d5 O-O 6. e4 d6 7. Be2 e6 8. h5 exd5 9. exd5 Bf5 10. g4 Bd7 11. g5 Ne8 12. h6 Bxc3+ 13. bxc3 Qa5 14. Bd2 Ba4 15. Qc1 Nd7 16. Nf3 Nb6 17. Bf4 Qa6 18. Nd2 f5 19. O-O Rd8 20. Re1 Rf7 21. Bf1 Nc7 1/2-1/2


[Site "https://www.chess.com"]

[Event "Titled Tuesday Blitz February 07 Late 2023"]
[White "Ferreira, Vitor Hugo Vieira"]
[Black "Timmermans, Mark"]
[WhiteFideId "2119765"]
[BlackFideId "1026399"]
[WhiteElo "2128"]
[BlackElo "2392"]
[Result "0-1"]
[Round "02"]
[TimeControl "180+2"]
[Date "2023.02.07"]
[WhiteClock "0:00:12"]
[BlackClock "0:00:21"]

1. Nf3 Nf6 2. g3 e6 3. Bg2 d5 4. O-O Be7 5. c4 O-O 6. cxd5 exd5 7. d3 c6 8. Nc3 Bf5 9. Nd4 Bg6 10. e4 dxe4 11. dxe4 Nbd7 12. Bf4 Nc5 13. Re1 Nfd7 14. Qe2 Re8 15. Rad1 a5 16. e5 Bf8 17. Qc4 Bd3 18. Rxd3 Nb6 19. Nxc6 Qxd3 20. Qxd3 Nxd3 21. Rd1 Nxf4 22. gxf4 bxc6 23. Bxc6 Rec8 24. Bxa8 Rxa8 25. f5 Nc4 26. e6 fxe6 27. fxe6 Nxb2 28. Rd7 Bb4 29. Nd5 Nc4 30. Nc7 Rc8 31. e7 Bxe7 32. Rxe7 Kf8 33. Rd7 Ne5 34. Ne6+ Ke8 35. Rxg7 Rc1+ 36. Kg2 Rc2 37. Rg5 Nd3 38. Rxa5 Rxf2+ 39. Kg3 Re2 40. Nd4 Re3+ 41. Kg4 Re4+ 42. Kf5 Rxd4 43. Ke6 Re4+ 44. Kf5 Rh4 45. Ke6 Rh6+ 46. Kf5 Rh5+ 47. Ke4 Rxa5 48. Kxd3 Rxa2 0-1


[Site "https://www.chess.com"]

[Event "Titled Tuesday Blitz February 07 Late 2023"]
[White "Schroeder, Jan-Christian"]
[Black "Mohammed, Zozek Salah Mohammed"]
[WhiteFideId "24662259"]
[BlackFideId "4803361"]
[WhiteElo "2553"]
[BlackElo "2210"]
[Result "0-1"]
[Round "02"]
[TimeControl "180+2"]
[Date "2023.02.07"]
[WhiteClock "0:00:01"]
[BlackClock "0:00:05"]

1. d4 d5 2. c4 c6 3. Nf3 Nf6 4. e3 e6 5. b3 Nbd7 6. Bd3 Bd6 7. O-O O-O 8. Bb2 b6 9. Nc3 Bb7 10. Qe2 Qe7 11. Rac1 e5 12. cxd5 cxd5 13. dxe5 Nxe5 14. Nb5 Nxf3+ 15. Qxf3 d4 16. Qh3 Ba6 17. Bxd4 Be5 18. Rc7 Qd8 19. Bxe5 Qxd3 20. a4 Bxb5 21. axb5 Qxb5 22. Bxf6 gxf6 23. Qf3 Qe5 24. Rfc1 a5 25. R7c4 Rad8 26. Rc6 b5 27. Rxf6 a4 28. bxa4 bxa4 29. Ra6 Qb2 30. Rf1 a3 31. h3 a2 32. Qg4+ Kh8 33. Qa4 Rd2 34. g3 Rg8 35. Kg2 Qb7+ 36. e4 Qb2 37. Ra7 Qc3 38. Kh1 Qf3+ 39. Kg1 Rxg3+ 0-1


[Site "https://www.chess.com"]

[Event "Titled Tuesday Blitz February 07 Late 2023"]
[White "Makridis, Dimitrios"]
[Black "Kielinkei"]
[WhiteFideId "25864475"]
[WhiteElo "2356"]
[BlackElo "2394"]
[Result "1-0"]
[Round "02"]
[TimeControl "180+2"]
[Date "2023.02.07"]
[WhiteClock "0:00:40"]
[BlackClock "0:00:03"]

1. c4 Nf6 2. Nc3 e6 3. e4 d5 4. cxd5 exd5 5. e5 d4 6. exf6 dxc3 7. bxc3 Qxf6 8. Nf3 Bd6 9. d4 O-O 10. Bd3 Bf5 11. O-O h6 12. Rb1 b6 13. Re1 Nd7 14. a4 Rfe8 15. Be3 c5 16. Bxf5 Qxf5 17. h3 Nf6 18. a5 Nd5 19. Qb3 Nxe3 20. fxe3 Rab8 21. axb6 axb6 22. Qb5 Bg3 23. Re2 h5 24. Rf1 Qg6 25. Qb3 h4 26. e4 Rxe4 27. Rxe4 Qxe4 28. Qxf7+ Kxf7 29. Ng5+ Ke7 30. Nxe4 cxd4 31. cxd4 Rd8 32. Rd1 Bf4 33. Kf2 b5 34. Kf3 g5 35. Kg4 Rd5 36. Nc3 Rd8 37. Nxb5 Kf6 38. Ra1 Rb8 39. Ra6+ Kg7 40. Nd6 Rb3 41. Ne4 Rd3 42. Nxg5 Bxg5 43. Kxg5 Rxd4 44. Ra7+ Kg8 45. Kh5 Kf8 46. Ra5 Rd2 47. Rg5 Rd4 48. Rg4 Rd5+ 49. Kxh4 Kf7 50. Rg5 Rd4+ 51. g4 Rd3 52. Rf5+ Kg6 53. Ra5 Rc3 54. Ra6+ Kg7 55. g5 Rb3 56. Kg4 Rb4+ 57. Kh5 Rb3 58. h4 Rb7 59. Rg6+ Kh7 60. Re6 Kg7 61. Kg4 Rb4+ 62. Kh5 Rb7 63. Rf6 Ra7 64. Kg4 Ra4+ 65. Rf4 Ra1 66. h5 Rg1+ 67. Kf5 Ra1 68. Re4 Ra5+ 69. Re5 Ra7 70. h6+ Kh7 71. Kg4 Ra1 72. Re7+ Kg8 73. g6 Ra5 74. Re8# 1-0


[Site "https://www.chess.com"]

[Event "Titled Tuesday Blitz February 07 Late 2023"]
[White "Tanenbaum, Zachary"]
[Black "Melikhov, Evgeny V."]
[WhiteFideId "2060850"]
[BlackFideId "4122046"]
[WhiteElo "2261"]
[BlackElo "2269"]
[Result "1-0"]
[Round "02"]
[TimeControl "180+2"]
[Date "2023.02.07"]
[WhiteClock "0:01:32"]
[BlackClock "0:00:07"]

1. e4 e5 2. Nf3 Nc6 3. Bc4 Nf6 4. d3 Be7 5. O-O O-O 6. Re1 d6 7. a4 a5 8. c3 Be6 9. Nbd2 Qd7 10. Qb3 Bd8 11. Bxe6 fxe6 12. Qxb7 Rb8 13. Qa6 Rb6 14. Qc4 Ne7 15. Qa2 Ng6 16. Nc4 Ra6 17. d4 Ng4 18. h3 Rxf3 19. hxg4 Qf7 20. Be3 Bh4 21. Qb3 Bxf2+ 22. Bxf2 Rxf2 23. Rf1 Rxf1+ 24. Rxf1 Nf4 25. Qb8+ Qf8 26. Qxf8+ Kxf8 27. g3 g5 28. dxe5 Rc6 29. Nxa5 Rc5 30. Nb3 Rxe5 31. gxf4 Rxe4 32. a5 Ke7 33. a6 Ra4 34. Ra1 Rxf4 35. a7 1-0


[Site "https://www.chess.com"]

[Event "Titled Tuesday Blitz February 07 Late 2023"]
[White "Bolourchifard, Farzad"]
[Black "Suarez, Mauricio Josue"]
[WhiteFideId "12510084"]
[BlackFideId "144258"]
[WhiteElo "2292"]
[BlackElo "2164"]
[Result "1-0"]
[Round "02"]
[TimeControl "180+2"]
[Date "2023.02.07"]
[WhiteClock "0:01:40"]
[BlackClock "0:02:44"]

1. e4 c5 2. Nc3 d6 3. g3 Nf6 4. Bg2 g6 5. d3 Bg7 6. Be3 O-O 7. h3 Nc6 8. Nge2 Rb8 9. O-O b5 10. Qd2 b4 11. Nd1 a5 12. Bh6 a4 13. Bxg7 Kxg7 14. f4 Nd7 15. f5 Ba6 16. Ne3 Nce5 17. Nf4 Bb5 18. g4 b3 19. axb3 axb3 20. c3 Ra8 21. Rxa8 Qxa8 22. Ned5 Qd8 23. g5 Bc6 24. Nxe7 Qxe7 25. f6+ Nxf6 26. gxf6+ Qxf6 27. Nh5+ 1-0


[Site "https://www.chess.com"]